 Dungeon Crawl Stone Soup version 0.23.1 (webtiles) character file.

Game seed: 10185379182647858375

6322 esteth the Grappler (level 10, -6/127 HPs)
             Began as an Ogre Transmuter on Mar 7, 2019.
             Was a High Priest of Okawaru.
             Mangled by a yak (10 damage)
             ... on level 8 of the Dungeon on Mar 8, 2019.
             The game lasted 00:31:51 (12711 turns).

esteth the Grappler (Ogre Transmuter)              Turns: 12711, Time: 00:31:51

Health: -6/127     AC:  6    Str: 16    XL:     10   Next: 95%
Magic:  12/18      EV: 12    Int: 17    God:    Okawaru [*****.]
Gold:   708        SH:  0    Dex:  9    Spells: 9/19 levels left

rFire    x . .     SeeInvis .     - Unarmed
rCold    + + +     Gourm    .   (shield currently unavailable)
rNeg     . . .     Faith    .   (armour currently unavailable)
rPois    +         Spirit   .   (helmet currently unavailable)
rElec    .         Reflect  .   (cloak currently unavailable)
rCorr    .         Harm     .   (gloves unavailable)
MR       +....                  (boots unavailable)
Stlth    ++........             r - amulet of magic regeneration
HPRegen  0.31/turn              C - ring of stealth
MPRegen  0.41/turn              (no ring)

@: ice-form
A: large, unfitting armour
a: End Transformation, Heroism, Finesse, Renounce Religion


You were on level 8 of the Dungeon.
You worshipped Okawaru.
Okawaru was extremely pleased with you.
You were not hungry.
You were a creature of crystalline ice.
You visited 2 branches of the dungeon, and saw 11 of its levels.

You collected 708 gold pieces.

Inventory:

Missiles
 a - 24 arrows (quivered)
Armour
 b - a +2 robe (melded)
 B - a scarf of resistance (melded)
 G - the +4 robe "Kugag" {*Drain MR+ Stlth+}
   (You found it on level 8 of the Dungeon)

   It affects your resistance to hostile enchantments.
   It causes draining when unequipped.
   It makes you more stealthy.
Magical Staves
 I - an uncursed staff of fire
Jewellery
 r - an amulet of magic regeneration (around neck)
 C - a ring of stealth (left front paw)
Wands
 s - a wand of scattershot (4)
 x - a wand of paralysis (11)
 y - a wand of iceblast (7)
 D - a wand of enslavement (16)
 H - a wand of random effects (21)
 J - a wand of acid (1)
 L - a wand of disintegration (13)
Scrolls
 c - 6 scrolls of teleportation
 f - a scroll of enchant armour
 h - 2 scrolls of fog
 i - 4 scrolls of identify
 m - 2 scrolls of magic mapping
 o - 2 scrolls of enchant weapon
 p - 5 scrolls of remove curse
 q - a scroll of immolation {unknown}
 z - a scroll of holy word {unknown}
 A - 2 scrolls of blinking {unknown}
 E - 2 scrolls of noise {unknown}
 F - a scroll of fear {unknown}
Potions
 j - 4 potions of berserk rage
 k - 2 potions of agility {unknown}
 l - a potion of curing
 n - 3 potions of lignification {unknown}
 t - a potion of flight {unknown}
 u - 2 potions of magic {unknown}
 w - 3 potions of brilliance {unknown}
 K - 2 potions of cancellation {unknown}
Comestibles
 d - 28 rations


   Skills:
 + Level 8.4 Fighting
 + Level 5.7 Dodging
 + Level 8.7 Unarmed Combat
 + Level 5.4 Spellcasting
 - Level 6.0 Transmutations
 - Level 6.0 Ice Magic
 - Level 1.1 Poison Magic


You had 9 spell levels left.
You knew the following spells:

 Your Spells              Type           Power        Failure   Level  Hunger
a - Beastly Appendage     Tmut           ####..       1%          1    None
b - Spider Form           Tmut/Pois      ###.......   10%         3    ##.....
c - Sticks to Snakes      Tmut           ####....     1%          2    #......
d - Ice Form              Ice/Tmut       ####....     12%         4    ####...

Your spell library contained the following spells:

 Spells                   Type           Power        Failure   Level  Hunger
 Animate Skeleton         Necr           N/A          14%         1    None
 Apportation              Tloc           #.....       14%         1    None
 Confusing Touch          Hex            #.....       14%         1    None
 Flame Tongue             Conj/Fire      #....        14%         1    None
 Pain                     Necr           #...         14%         1    None
 Summon Small Mammal      Summ           #...         14%         1    None
 Throw Flame              Conj/Fire      #.....       21%         2    #......
 Blade Hands              Tmut           ####......   32%         5    ######.
 Conjure Flame            Conj/Fire      #.......     38%         3    ##.....
 Inner Flame              Hex/Fire       #.......     38%         3    ##.....
 Regeneration             Chrm/Necr      #.........   38%         3    ##.....
 Vampiric Draining        Necr           #.........   38%         3    ##.....
 Animate Dead             Necr           N/A          80%         4    ####...
 Sticky Flame             Conj/Fire      #.......     80%         4    ####...
 Fireball                 Conj/Fire      #.........   98%         5    ######.


Dungeon Overview and Level Annotations

Branches:
Dungeon (10/15)            Temple (0/1) D:4            Lair (1/6) D:8
    Orc (0/2) D:9

Altars:
Cheibriados
Dithmenos
Elyvilon
Hepliaklqana
Kikubaaqudgha
Nemelex Xobeh
Okawaru
Qazlal
Ru
Sif Muna
Trog
Xom
Yredelemnul
Zin
The Shining One

Shops:
D:4 [   D:6 }%(!(

Annotations:
D:8 2 transporters, Caim's ghost, novice BaFi


Innate Abilities, Weirdness & Mutations

You are too large for most types of armour.
((You have tough skin. (AC +1)))


Message History

The yak gores you.
The water moccasin bites you but does no damage.
The yak gores you.
Casting: Sticks to Snakes (safe; 1% risk of failure)
Confirm with . or Enter, or press ? or * to list all spells.
You create 2 snakes!
You now have 24 arrows.
The water moccasin misses you. The yak gores you!
* * * LOW HITPOINT WARNING * * *
The yak gores you!
* * * LOW HITPOINT WARNING * * *
The komodo dragon bites you!
* * * LOW HITPOINT WARNING * * *
Casting: Sticks to Snakes (safe; 1% risk of failure)
Confirm with . or Enter, or press ? or * to list all spells.
You turn into a creature of crystalline ice.
Your scarf of resistance melds into your body.
Your +2 robe melds into your body.
You feel hot and cold all over.
The water moccasin bites you but does no damage.
The yak gores you!
You die...

###### #S...# ####
##### #..YY# ...#
#...###.lYS# ##.#
#......S...# #.###
#..........#
#...#####).##....#
###..#....########
##[[.####
...©#>.##
.#.#[..###


You could see a komodo dragon, 2 yaks, a water moccasin, a friendly adder and a
friendly ball python.

Vanquished Creatures
  A two-headed ogre (D:10)
  Pikel (D:9)
  3 hippogriffs
  Eustachio (D:6)
  5 yaks
  2 hogs (D:7)
  A human (D:7)
  Grum (D:10)
  2 orc warriors (D:9)
  A porcupine (Lair:1)
  A black bear (D:6)
  A swamp drake (D:9)
  4 slaves
  2 phantoms
  6 ogres
  3 wolves (D:10)
  5 bullfrogs
  A water moccasin skeleton (D:9)
  A scorpion (D:7)
  A wyvern skeleton (D:10)
  2 howler monkeys (D:9)
  6 crimson imps
  2 bullfrog zombies
  3 quasits
  8 orc priests
  A bullfrog skeleton (D:7)
  A hound (D:4)
  2 jellies
  An iguana (D:7)
  6 orc wizards
  6 worker ants
  2 hound zombies
  8 adders
  2 oozes
  An adder zombie (D:5)
  A worm (D:3)
  2 leopard geckos
  32 orcs
  7 bats
  7 giant cockroaches
  2 goblins (D:2)
  7 hobgoblins
  6 jackals
  6 kobolds
  3 quokkas
  3 frilled lizards
  2 leopard gecko zombies
  A quokka skeleton (D:6)
  5 rats
178 creatures vanquished.

Vanquished Creatures (collateral kills)
  A hippogriff (D:10)
  An ice beast (D:10)
  A bullfrog (D:10)
  2 orc priests (D:9)
  2 worms (D:2)
  2 orcs (D:9)
  A bat (D:2)
10 creatures vanquished.

Vanquished Creatures (others)
  2 orcs (D:9)
2 creatures vanquished.

Grand Total: 190 creatures vanquished

Notes
Turn   | Place    | Note
-------+----------+-------------------------------------------
     0 | D:1      | esteth the Ogre Transmuter began the quest for the Orb.
     0 | D:1      | Reached XP level 1. HP: 19/19 MP: 3/3
    47 | D:1      | Reached XP level 2. HP: 27/28 MP: 5/5
   807 | D:2      | Reached XP level 3. HP: 36/36 MP: 6/6
   817 | D:2      | Learned a level 3 spell: Spider Form
   820 | D:2      | Learned a level 2 spell: Sticks to Snakes
  1395 | D:2      | Reached skill level 1 in Poison Magic
  1575 | D:2      | Found an iron altar of Okawaru.
  1584 | D:2      | Became a worshipper of Warmaster Okawaru
  2214 | D:3      | Found a white marble altar of Elyvilon.
  2483 | D:3      | Found a glowing golden altar of the Shining One.
  2521 | D:3      | Reached XP level 4. HP: 44/45 MP: 3/7
  2710 | D:3      | Reached XP level 5. HP: 45/54 MP: 1/8
  3379 | D:3      | Found a basalt altar of Yredelemnul.
  3811 | D:4      | Reached XP level 6. HP: 55/63 MP: 9/9
  3824 | D:4      | Reached * piety under Okawaru
  3956 | D:4      | Found Ticseis's Armour Emporium.
  4240 | D:4      | Found a glowing silver altar of Zin.
  4290 | D:4      | Reached skill level 5 in Fighting
  4416 | D:4      | Found a staircase to the Ecumenical Temple.
  4489 | D:5      | Entered Level 5 of the Dungeon
  4748 | D:5      | Reached XP level 7. HP: 72/72 MP: 8/11
  4818 | D:5      | Found a bloodstained altar of Trog.
  4822 | D:5      | Found an ancient bone altar of Kikubaaqudgha.
  4909 | D:5      | Learned a level 4 spell: Ice Form
  5159 | D:5      | Found a snail-covered altar of Cheibriados.
  5160 | D:5      | Found a stormy altar of Qazlal.
  5414 | D:6      | Reached skill level 5 in Unarmed Combat
  5420 | D:6      | Found Awuarato's Gadget Shop.
  5427 | D:6      | Reached ** piety under Okawaru
  5654 | D:6      | Reached XP level 8. HP: 80/84 MP: 11/13
  5696 | D:6      | Found Kacim's Antique Weapon Shop.
  5706 | D:6      | Found Maacoonu's Distillery.
  5752 | D:6      | Found a shadowy altar of Dithmenos.
  5755 | D:6      | Found Noteg's Weapon Shoppe.
  5759 | D:6      | Noticed Eustachio
  5778 | D:6      | Killed Eustachio
  5778 | D:6      | Reached skill level 1 in Ice Magic
  5951 | D:6      | Found Qourph's Food Shoppe.
  6090 | D:6      | Found a sacrificial altar of Ru.
  6389 | D:7      | Found a hazy altar of Hepliaklqana.
  6800 | D:7      | Noticed a hippogriff
  7013 | D:7      | Killed a hippogriff
  7013 | D:7      | Reached skill level 5 in Spellcasting
  7207 | D:7      | Reached XP level 9. HP: 70/91 MP: 12/16
  7673 | D:7      | Reached *** piety under Okawaru
  8343 | D:8      | Found a shimmering altar of Xom.
  8532 | D:8      | Noticed Caim's ghost (novice BaFi)
  8533 | D:8      | Found a transporter.
  8537 | D:8      | Found a transporter.
  8555 | D:8      | Found a staircase to the Lair.
  8562 | D:8      | Reached skill level 5 in Transmutations
  8814 | D:8      | Got a creamy pearl robe
  8815 | D:8      | Identified the +4 robe "Kugag" {*Drain MR+ Stlth+} (You
                  | found it on level 8 of the Dungeon)
  8842 | D:9      | Found a white marble altar of Elyvilon.
  8874 | D:9      | Found a sparkling altar of Nemelex Xobeh.
  9112 | D:9      | Found a staircase to the Orcish Mines.
  9127 | D:9      | Noticed Pikel
  9859 | D:9      | Killed Pikel
  9859 | D:9      | Reached **** piety under Okawaru
  9859 | D:9      | Reached skill level 5 in Ice Magic
  9859 | D:9      | Reached XP level 10. HP: 50/100 MP: 17/17
 10596 | D:9      | Found a deep blue altar of Sif Muna.
 10742 | D:10     | Entered Level 10 of the Dungeon
 10875 | D:10     | Noticed a two-headed ogre
 10884 | D:10     | Killed a two-headed ogre
 10884 | D:10     | Reached ***** piety under Okawaru
 11517 | D:10     | Reached skill level 5 in Dodging
 11729 | D:10     | Noticed Grum
 11756 | D:10     | Killed Grum
 12292 | Lair:1   | Entered Level 1 of the Lair of Beasts
 12348 | Lair:1   | Noticed a spiny frog
 12710 | D:8      | HP: 3/106 [komodo dragon (14)]
 12711 | D:8      | Mangled by a yak

Skill      XL: |  1  2  3  4  5  6  7  8  9 10 |
---------------+-------------------------------+-----
Fighting       | 2 3 4 5 6 8 |  8.4
Unarmed Combat | 3 4 5 6 7 8 |  8.7
Transmutations | 2 3 5 6 |  6.0
Poison Magic   | 1 |  1.1
Dodging        | 2 3 4 5 |  5.7
Spellcasting   | 3 5 |  5.4
Ice Magic      | 2 5 6 |  6.0

Action                   |  1- 3 |  4- 6 |  7- 9 | 10-12 || total
-------------------------+-------+-------+-------+-------++-------
Melee: Unarmed           |   181 |   111 |   397 |   131 ||   820
       Punch             |     2 |       |     5 |       ||     7
       Giant spiked club |       |     4 |       |       ||     4
       Headbutt          |       |     2 |       |       ||     2
 Cast: Sticks to Snakes  |     5 |     1 |    20 |    30 ||    56
       Spider Form       |     1 |     9 |    22 |    12 ||    44
       Beastly Appendage |       |     2 |       |       ||     2
       Ice Form          |       |       |     1 |     6 ||     7
Invok: Heroism           |       |       |     1 |     1 ||     2
  Use: Potion            |       |     3 |     3 |     5 ||    11
       Scroll            |       |       |     4 |     8 ||    12
 Stab: Sleeping          |       |       |     5 |     1 ||     6
       Distracted        |       |       |     1 |     1 ||     2
  Eat: Chunk             |     2 |     6 |    16 |    11 ||    35
       Ration            |     1 |     1 |     1 |       ||     3
Armor: Robe              |    88 |    28 |    45 |    29 ||   190
       Skin              |       |     5 |    10 |     8 ||    23
Dodge: Dodged            |   122 |   100 |   377 |   166 ||   765
